 Dungeon Crawl Stone Soup version 0.20.0-8-g6b59dc7 (webtiles) character file.

2615 ghjk the Cleaver (level 9, 0/75 HPs)
             Began as a Minotaur Fighter on May 30, 2017.
             Was a Believer of Okawaru.
             Slain by an orc warrior
             ... wielding a +2 short sword of venom
              (6 damage)
             ... on level 7 of the Dungeon.
             The game lasted 00:10:55 (6374 turns).

ghjk the Cleaver (Minotaur Fighter)                 Turns: 6374, Time: 00:10:57

Health: 0/75       AC: 16    Str: 24    XL:     9   Next: 34%
Magic:  8/8        EV:  9    Int:  5    God:    Okawaru [**....]
Gold:   402        SH:  0    Dex: 10    Spells: 8/8 levels left

rFire    . . .     SeeInvis .   m - +3 war axe (chop)
rCold    . . .     Gourm    .   (no shield)
rNeg     . . .     Faith    .   g - +0 chain mail
rPois    .         Spirit   .   (helmet restricted)
rElec    .         Reflect  .   k - +2 cloak
rCorr    .         Harm     .   o - +0 pair of gloves
MR       .....                  (no boots)
Stlth    ..........             (no amulet)
Regen    0.3/turn               (no ring)
MPRegen  0.2/turn               i - ring of flight

@: lethally poisoned (0 -> -46)
A: retaliatory headbutt, horns 2
a: Heroism, Renounce Religion, Evoke Flight


You were on level 7 of the Dungeon.
You worshipped Okawaru.
Okawaru was pleased with you.
You were hungry.

You visited 2 branches of the dungeon, and saw 8 of its levels.

You collected 402 gold pieces.

Inventory:

Hand Weapons
 a - a +0 war axe
 m - a +3 war axe of chopping (weapon)
Armour
 c - a +0 shield
 g - a +0 chain mail (worn)
 k - a +2 cloak (worn)
 o - a +0 pair of gloves (worn)
Jewellery
 i - a ring of flight (right hand)
Wands
 n - a wand of flame (18/48)
 q - a wand of lightning (15/15)
 x - a wand of confusion (18/48)
 y - a wand of iceblast (8/15)
Scrolls
 b - a scroll of fog
 s - 3 scrolls of amnesia
 t - a scroll of magic mapping
 z - a scroll of identify
 B - a scroll of blinking
Potions
 d - a potion of might
 e - 3 potions of ambrosia
 j - a potion of invisibility
 l - a potion of resistance
 u - 2 potions of flight
 v - 2 potions of lignification
 w - 3 potions of mutation {unknown}
 A - a potion of brilliance
Books
 h - a book of Debilitation

   Spells                             Type                      Level
   a - Corona                         Hexes                        1
   b - Slow                           Hexes                        2
   c - Inner Flame                    Hexes/Fire                   3
   d - Portal Projectile              Hexes/Translocation          3
   e - Cause Fear                     Hexes                        4
   f - Leda's Liquefaction            Hexes/Earth                  4
 r - a book of Maledictions

   Spells                             Type                      Level
   a - Corona                         Hexes                        1
   b - Ensorcelled Hibernation        Hexes/Ice                    2
   c - Confuse                        Hexes                        3
   d - Tukima's Dance                 Hexes                        3
   e - Dazzling Spray                 Conjuration/Hexes            3
Comestibles
 f - 9 bread rations
 p - 7 meat rations


   Skills:
 * Level 5.9 Fighting
 * Level 11.4 Axes
 * Level 9.4 Armour
 + Level 1.5 Dodging
 + Level 1.0 Stealth
 - Level 3.6 Shields


You had 8 spell levels left.
You didn't know any spells.

Dungeon Overview and Level Annotations

Branches:
Dungeon (7/15)             Temple (1/1) D:5

Altars:
Ashenzari
Dithmenos
Elyvilon
Fedhas
Gozag
Hepliaklqana
Kikubaaqudgha
Makhleb
Nemelex Xobeh
Okawaru
Qazlal
Ru
Sif Muna
Trog
Uskayaw
Vehumet
Xom
Yredelemnul
Zin
The Shining One


Innate Abilities, Weirdness & Mutations

You reflexively headbutt those who attack you in melee.
You have a pair of horns on your head.


Message History

You barely miss the orc warrior.
The orc warrior is almost dead.
* * * LOW HITPOINT WARNING * * *
You feel very sick.
You hit the orc warrior but do no damage.
The orc warrior is almost dead.
* * * LOW HITPOINT WARNING * * *
You feel very sick.
The orc warrior hits you with a short sword of venom!
* * * LOW HITPOINT WARNING * * *
You are more poisoned.
Unknown command.
Okay, then.
You barely miss the orc warrior.
You headbutt the orc warrior, but do no damage.
The orc warrior is almost dead.
* * * LOW HITPOINT WARNING * * *
You feel very sick.
The orc warrior hits you with a short sword of venom.
You die...

#.# ## #.#
#.####.# #.#
#.##..# ######
#.##.####..÷÷#
#.....#..#)§.#
####.÷.###...#
#..## #####
#.###########)#
#.##....@o.o..#
#.......#######
#########


You could see an orc warrior and an orc.

Vanquished Creatures
  Sigmund (D:6)
  Eustachio (D:6)
  Duvessa (D:6)
  2 sky beasts
  A phantom (D:7)
  3 centaurs
  7 ogres
  2 scorpions
  Dowan (D:6)
  4 wights (D:7)
  A howler monkey (D:5)
  2 crimson imps
  3 orc priests (D:4)
  A jelly (D:5)
  2 bullfrog zombies (D:7)
  A centaur skeleton (D:5)
  A hound (D:7)
  4 orc wizards (D:4)
  3 worker ants
  2 hound skeletons
  3 gnolls (D:3)
  14 adders
  2 shadow imps (D:5)
  2 oozes
  An adder skeleton (D:3)
  5 worms
  A dart slug (D:3)
  4 leopard geckos
  9 orcs
  2 ball pythons
  2 bats
  8 giant cockroaches
  7 goblins
  4 hobgoblins
  2 jackals (D:6)
  7 kobolds
  2 quokkas
  8 frilled lizards
  A leopard gecko skeleton (D:4)
  A quokka zombie (D:5)
  3 rats
131 creatures vanquished.

Vanquished Creatures (others)
  An ogre (D:7)
  A scorpion (D:7)
  A worker ant (D:7)
  An adder (D:7)
  A leopard gecko (D:7)
  A quokka (D:7)
6 creatures vanquished.

Grand Total: 137 creatures vanquished

Notes
Turn   | Place    | Note
-------+----------+-------------------------------------------
     0 | D:1      | ghjk the Minotaur Fighter began the quest for the Orb.
     0 | D:1      | Reached XP level 1. HP: 19/19 MP: 0/0
   310 | D:1      | Reached XP level 2. HP: 27/27 MP: 1/1
   765 | D:2      | Reached skill level 3 in Axes
   798 | D:2      | Reached XP level 3. HP: 23/33 MP: 2/2
   900 | D:2      | Found a glowing silver altar of Zin.
  1014 | D:2      | Found a sacrificial altar of Ru.
  1120 | D:2      | Found a white marble altar of Elyvilon.
  1340 | D:3      | Reached XP level 4. HP: 25/40 MP: 3/3
  1514 | D:3      | Reached skill level 4 in Axes
  1632 | D:3      | Reached skill level 5 in Armour
  1777 | D:3      | Reached XP level 5. HP: 42/46 MP: 4/4
  1991 | D:3      | Reached skill level 5 in Axes
  2592 | D:4      | Found a shadowy altar of Dithmenos.
  2642 | D:4      | Reached skill level 6 in Axes
  2642 | D:4      | Reached XP level 6. HP: 42/52 MP: 5/5
  2810 | D:4      | Reached skill level 7 in Axes
  3059 | D:4      | Reached skill level 1 in Dodging
  3059 | D:4      | Reached XP level 7. HP: 59/59 MP: 6/6
  3130 | D:4      | Found a burning altar of Makhleb.
  3130 | D:4      | Found a glowing golden altar of the Shining One.
  3512 | D:5      | Entered Level 5 of the Dungeon
  3564 | D:5      | Reached skill level 8 in Axes
  3907 | D:5      | Found a staircase to the Ecumenical Temple.
  3939 | D:5      | Reached XP level 8. HP: 18/67 MP: 7/7
  4219 | D:5      | Reached skill level 9 in Axes
  4228 | Temple   | Entered the Ecumenical Temple
  4428 | Temple   | Became a worshipper of Warmaster Okawaru
  4828 | D:6      | Noticed Eustachio
  4840 | D:6      | Killed Eustachio
  4958 | D:6      | Noticed Sigmund
  4967 | D:6      | Killed Sigmund
  4967 | D:6      | Reached * piety under Okawaru
  4967 | D:6      | Reached skill level 10 in Axes
  5189 | D:6      | Noticed Dowan
  5190 | D:6      | Noticed Duvessa
  5198 | D:6      | Killed Dowan
  5209 | D:6      | Killed Duvessa
  5209 | D:6      | Reached skill level 5 in Fighting
  5209 | D:6      | Reached skill level 1 in Stealth
  5815 | D:7      | Found a shimmering altar of Xom.
  5844 | D:7      | Reached XP level 9. HP: 74/74 MP: 8/8
  5965 | D:7      | Reached ** piety under Okawaru
  5965 | D:7      | Reached skill level 11 in Axes
  6374 | D:7      | Slain by an orc warrior

Skill      XL: |  1  2  3  4  5  6  7  8  9 |
---------------+----------------------------+-----
Armour         | 4 5 6 7 8 9 |  9.4
Axes           | 3 4 6 7 8 10 11 | 11.4
Fighting       | 4 5 |  5.9
Dodging        | 1 |  1.5
Stealth        | 1 |  1.0
Shields        | |  3.6

Action                   |  1- 3 |  4- 6 |  7- 9 || total
-------------------------+-------+-------+-------++-------
Melee: War axe           |    89 |   117 |   177 ||   383
       Headbutt          |     9 |    19 |    33 ||    61
  Use: Scroll            |     2 |     4 |    11 ||    17
       Potion            |       |     1 |     1 ||     2
  Eat: Chunk             |     1 |     6 |     4 ||    11
       Royal jelly       |       |       |     3 ||     3
Armor: Chain mail        |    59 |    91 |    82 ||   232
Dodge: Dodged            |    36 |    59 |    48 ||   143
Block: Shield            |     8 |       |       ||     8
